 Dungeon Crawl Stone Soup version 0.27.0-1-g7a089689b8 (webtiles) character file.

Game seed: 3552025949556821500

72 Descartes the Sneak (level 4, -8/21 HPs)
             Began as a Spriggan Enchanter on Aug 10, 2021.
             Splashed by Ijyb's acid (13 damage)
             ... on level 3 of the Dungeon.
             The game lasted 00:03:46 (3699 turns).

Descartes the Sneak (Spriggan Enchanter)            Turns: 3699, Time: 00:03:47

Health: -8/21      AC:  2    Str:  5    XL:     4   Next: 6%
Magic:  9/9        EV: 17    Int: 16    God:
Gold:   63         SH:  0    Dex: 15    Spells: 7/8 levels left

rFire    . . .     SeeInvis +   a - +1 dagger
rCold    . . .     Faith    .   (shield restricted)
rNeg     + . .     Spirit   .   b - +0 robe
rPois    .         Reflect  .   (helmet restricted)
rElec    .         Harm     .   (no cloak)
rCorr    .         Rampage  .   (gloves unavailable)
Will     .....                  (boots unavailable)
Stlth    ++++......             (no amulet)
HPRegen  0.07/turn              i - ring of positive energy
MPRegen  0.11/turn              (no ring)

@: very quick
A: very small, no large weapons, unfitting armour, see invisible, speed 3
a: no special abilities


You were on level 3 of the Dungeon.
You visited 1 branch of the dungeon, and saw 4 of its levels.

You collected 63 gold pieces.

Inventory:

Hand Weapons
 a - a +1 dagger (weapon)
Missiles
 e - 42 arrows
 j - 17 sling bullets
 m - 57 stones
 n - 23 bolts
Armour
 b - a +0 robe (worn)
Jewellery
 i - a ring of positive energy (left hand)
 o - a ring of resist corrosion
Scrolls
 c - 2 scrolls of identify {unknown}
 f - a scroll of summoning {unknown}
 k - a scroll of fear {unknown}
 l - a scroll of teleportation {unknown}
Potions
 d - a potion of flight {unknown}
 g - a potion of curing {unknown}
 h - a potion of haste {unknown}


   Skills:
 + Level 1.5 Short Blades
 + Level 3.2 Dodging
 + Level 7.1 Stealth
 - Level 2.6 Spellcasting
 - Level 3.6 Hexes


You had 7 spell levels left.
You knew the following spells:

 Your Spells              Type           Power      Damage    Failure   Level
a - Corona                Hex            14%        N/A       4%          1

Your spell library contained the following spells:

 Spells                   Type           Power      Damage    Failure   Level
 Confusing Touch          Hex            13%        N/A       13%         3
 Tukima's Dance           Hex            13%        N/A       13%         3
 Ensorcelled Hibernation  Hex/Ice        14%        N/A       14%         2
 Dazzling Flash           Conj/Hex       14%        N/A       28%         3


Dungeon Overview and Level Annotations

Branches:
Dungeon (4/15)
 Temple: D:4-7

Altars:
Zin

Annotations:
D:3 Ijyb, Purgy
D:4 Robin


Innate Abilities, Weirdness & Mutations

You are very small and have problems with some larger weapons.
You are too small for most types of armour.
You have supernaturally acute eyesight. (SInv)
You cover ground extremely quickly. (Speed+++)


Message History

The orc is moderately wounded.
The orc completely misses you.
You barely miss the orc.
The orc is moderately wounded.
The orc misses you.
You closely miss the orc.
The orc is moderately wounded.
You hit the orc.
The orc is almost dead.
The orc hits you with a +0 short sword. The goblin misses you.
You hit the orc.
You kill the orc!
The goblin completely misses you.
You closely miss the goblin. You hit the goblin.
The goblin is severely wounded.
The goblin misses you.
You closely miss the goblin.
The goblin is severely wounded.
The orc completely misses you. The goblin hits you with a +0 club.
You hit the orc.
The orc is moderately wounded.
You closely miss the orc.
The orc is moderately wounded.
The orc barely misses you.
You hit the orc.
The orc is heavily wounded.
The orc hits you but does no damage.
Ijyb screams, "Me very upset!"
You hit the orc.
The orc is severely wounded.
The orc closely misses you.
Ijyb zaps a wand.
The bolt of acid hits the orc!!
The orc is splashed with acid!
The acid corrodes the orc!
The orc dies!
The bolt of acid hits you!
* * * LOW HITPOINT WARNING * * *
You are splashed with acid!
Ouch! That really hurt!
You die...

.##.#.### ......##.g.# #.#.#
...###..###...#..##g..g#.##..#
..## ##..........# #..(#.###.#
#..###..###...#..## ..#.$. #.#
###.#.### #.......# (#.8#. #.##
###...# #.#.#..## ..8.# #..#
....### #.#...## ...## #..#
....# #.###.####g#######..#
###.# ###.###.@).gg.........#
###.#####....############.###.#
....................#####.....#
<##.#####.....#####....g..#####
.##.# #.....# #.###.### ....#
#.....# #.#.#.### ##.## #.....#
#.......# #.#
#.#...#####.#...#.# #.#
#.#............##.#


You could see Ijyb, a hobgoblin and a goblin.

Vanquished Creatures
  2 adders
  A worm (D:2)
  2 dart slugs
  An orc (D:3)
  5 ball pythons
  4 endoplasms
  A giant cockroach (D:3)
  10 goblins
  6 hobgoblins
  4 kobolds
  A quokka (D:1)
  2 bats
  2 frilled lizards
  A rat (D:1)
42 creatures vanquished.

Vanquished Creatures (others)
  An orc (D:3)
1 creature vanquished.

Grand Total: 43 creatures vanquished

Notes
Turn   | Place    | Note
-------+----------+-------------------------------------------
     0 | D:1      | Descartes the Spriggan Enchanter began the quest for the
                  | Orb.
     0 | D:1      | Reached XP level 1. HP: 9/9 MP: 5/5
   206 | D:1      | Reached skill level 5 in Stealth
   574 | D:1      | Reached XP level 2. HP: 13/13 MP: 6/6
   899 | D:1      | Reached skill level 6 in Stealth
  1180 | D:2      | Reached XP level 3. HP: 16/16 MP: 8/8
  1260 | D:2      | Found a glowing silver altar of Zin.
  3087 | D:3      | Noticed Ijyb
  3087 | D:3      | Noticed Purgy
  3201 | D:3      | Reached skill level 7 in Stealth
  3461 | D:4      | Noticed Robin
  3469 | D:4      | Reached XP level 4. HP: 15/21 MP: 9/9
  3699 | D:3      | Splashed by Ijyb's acid

Illustrated notes

Levels and vault maps discovered:
D:1:      psy_arrival_whirlpool, layout_rooms, grunt_decor_clamped,
          chequers_avenue
D:2:      layout_loops_cross, basic_altar
D:3:      layout_loops_corners, mainiacjoe_overflow_catwalk,
          shapermc_ecumenical_altar_mp_highgroup, guppyfry_early_orc_mine,
          uniq_ijyb, uniq_purgy, uniq_sigmund
D:4:      layout_basic, mainiacjoe_overflow_cross_hatched, moated_statue,
          uniq_robin

Skill      XL: |  1  2  3 |
---------------+----------+-----
Stealth        | 5 6 7 |  7.1
Dodging        | 3 |  3.2
Short Blades   | |  1.5
Spellcasting   | |  2.6
Hexes          | |  3.6

Action                   |  1- 3 |  4- 6 || total
-------------------------+-------+-------++-------
Melee: Dagger            |   165 |    25 ||   190
 Stab: Sleeping          |    14 |       ||    14
Armor: Robe              |    11 |     2 ||    13
Dodge: Dodged            |    84 |    21 ||   105
